Map: Caverne nascoste

Players

Alconaut - Winner!

  • Race: Terran Terran

leto - Winner!

  • Race: Terran Terran

bib - Winner!

  • Race: Zerg Zerg
  • League: Gold

Jhyrachy - Winner!

  • Race: Zerg Zerg
  • League: Gold

Ace

  • Race: Protoss Protoss

Grausam

  • Race: Terran Terran
  • League: Gold

Beartato

  • Race: Terran Terran

CoalLeague

  • Race: Terran Terran

VOD

Have the link to the VOD?

Description

Time

  • Played on: May 26, 2016, 7:28 a.m.
  • Length: 6:08
Show
View Real Time Build Order
Export as new Build Order

Alconaut Terran - Winner!

Build Orders: Mech 

Get SALT Encoding   

  12  0:05  SCV  
  13  0:17  SCV  
  14  0:42  Supply Depot  
  14  0:46  Refinery  
  14  0:49  Refinery  
  14  0:50  SCV  
  15  0:58  Supply Depot  
  16  1:04  SCV  
  16  1:16  SCV  
  17  1:24  Barracks  
  17  1:28  SCV  
  17  1:31  Supply Depot  
  18  1:40  SCV  
  19  1:52  SCV  
  20  2:04  SCV  
  21  2:14  Factory  
  21  2:19  Factory  
  21  2:35  Orbital Command  
  21  2:37  Marine  
  22  2:59  Marine  
  22  3:01  Factory Tech Lab  
  22  3:03  Factory Tech Lab  
  23  3:09  SCV  
  24  3:17  Marine  
  25  3:23  Siege Tank  
  25  3:25  Siege Tank  
  31  3:35  Marine  
  31  3:38  SCV  
  33  3:53  Marine  
  37  3:55  Siege Tank  
  37  4:25  Supply Depot  
  37  4:33  Siege Tank x2  
  33  5:03  Factory  
  33  5:05  Hellion x2  
  34  5:20  Marine  
  35  5:26  Hellion x2  
  32  5:38  Marine  
  32  5:40  Command Center  
Show
View Real Time Build Order
Export as new Build Order

leto Terran - Winner!

Build Orders: 1/1/1, Banshee Rush 

Get SALT Encoding   

  12  0:01  SCV  
  13  0:13  SCV  
  14  0:18  Supply Depot  
  14  0:25  SCV  
  15  0:30  Refinery  
  15  0:39  SCV  
  16  0:46  Barracks  
  16  0:55  SCV  
  17  1:00  Refinery  
  17  1:07  SCV  
  18  1:19  SCV  
  19  1:33  Factory  
  19  1:34  Orbital Command  
  19  2:02  Supply Depot  
  19  2:04  SCV  
  20  2:16  Starport  
  20  2:19  Starport  
  20  2:20  Factory Tech Lab  
  20  2:22  SCV  
  21  2:39  SCV  
  21  2:41  Siege Tank  
  25  2:55  Starport Tech Lab  
  25  2:57  Starport Tech Lab  
  25  3:00  SCV  
  26  3:06  Supply Depot  
  26  3:16  Cloaking Field  
  26  3:31  Banshee  
  29  3:35  Supply Depot  
  29  3:45  Engineering Bay, Banshee  
  32  4:14  Banshee  
  35  4:17  Missile Turret  
  35  4:18  Missile Turret  
  35  4:28  Banshee  
  38  5:00  Command Center  
Show
View Real Time Build Order
Export as new Build Order

bib Zerg - Winner!

Build Orders: Pool First 

Get SALT Encoding   

  12  0:02  Drone  
  13  0:08  Drone  
  14  0:27  Spawning Pool  
  13  0:30  Drone  
  14  0:39  Overlord  
  14  0:48  Extractor, Drone  
  14  0:58  Drone x2  
  16  1:15  Zergling x4  
  16  1:16  Queen  
  20  1:25  Zergling x2  
  21  1:36  Zergling x2  
  22  1:48  Metabolic Boost  
  22  1:53  Overlord  
  22  2:11  Zergling x2  
  23  2:17  Zergling x2  
  23  2:18  Hatchery  
  23  2:31  Zergling x6  
  23  2:32  Zergling x2  
  27  3:00  Drone x3  
  27  3:02  Overlord x2  
  28  3:25  Zergling x6  
  29  4:21  Lair  
  29  4:22  Drone x3  
  32  4:26  Extractor  
  25  4:33  Drone  
  25  4:34  Drone x2  
  25  4:35  Queen  
  31  4:45  Drone x2  
  31  4:50  Hatchery  
  31  4:51  Drone x2  
  33  4:55  Drone x2  
  35  5:02  Drone  
  35  5:03  Drone  
  34  5:16  Drone  
  35  5:21  Zergling x6  
  35  5:22  Zergling x4  
  40  5:29  Drone x2  
  42  5:38  Zergling x2  
  42  5:41  Zergling x2  
Show
View Real Time Build Order
Export as new Build Order

Jhyrachy Zerg - Winner!

Build Orders: Hatch First 

Get SALT Encoding   

  12  0:02  Drone  
  13  0:09  Drone  
  14  0:17  Overlord  
  14  0:36  Drone x3  
  17  0:58  Drone  
  17  1:01  Drone  
  17  1:02  Extractor  
  18  1:06  Hatchery  
  17  1:18  Spawning Pool  
  16  1:19  Drone  
  16  1:22  Drone  
  18  1:30  Drone  
  19  1:42  Drone  
  20  1:51  Overlord  
  20  1:59  Extractor  
  19  2:02  Drone  
  19  2:04  Queen  
  22  2:14  Drone  
  23  2:24  Drone  
  24  2:37  Queen  
  24  2:38  Drone x3  
  24  2:41  Lair  
  29  2:47  Drone x2  
  31  2:55  Drone  
  31  2:58  Extractor  
  31  3:05  Drone x2  
  33  3:15  Drone x3  
  36  3:26  Extractor  
  36  3:27  Overlord x2  
  35  3:49  Spire  
  35  3:50  Drone  
  35  3:51  Drone x7  
  35  3:52  Drone x2  
  35  3:53  Drone  
  45  4:06  Overlord x2  
  45  4:14  Drone  
  46  4:21  Drone x2  
  48  4:25  Drone  
  48  4:26  Overlord x2  
  49  4:58  Hatchery  
  48  5:02  Mutalisk x5  
  48  5:03  Mutalisk x3  
  64  5:08  Mutalisk x2  
  64  5:09  Mutalisk  
  70  5:21  Queen  
Show
View Real Time Build Order
Export as new Build Order

Ace Protoss 

Build Orders:  

Get SALT Encoding   

  12  0:01  Probe (Chrono Boost)  
  13  0:12  Probe (Chrono Boost)  
  14  0:23  Pylon  
  14  0:27  Probe (Chrono Boost)  
  15  0:39  Assimilator  
  15  0:42  Probe (Chrono Boost)  
  16  0:46  Pylon  
  16  0:58  Gateway  
  16  1:06  Forge  
  17  1:11  Probe (Chrono Boost)  
  17  1:21  Probe (Chrono Boost)  
  17  1:22  Assimilator  
  18  1:32  Probe (Chrono Boost)  
  19  1:40  Photon Cannon  
  19  1:45  Pylon  
  19  2:05  Nexus  
  19  3:02  Cybernetics Core  
  18  3:45  Gateway  
  4  3:48  Photon Cannon  
  4  3:49  Photon Cannon  
  2  3:56  Stargate  
  2  3:58  Stargate  
  2  4:02  Stargate  
  2  4:30  Assimilator, Probe (Chrono Boost)  
  3  4:32  Assimilator  
  3  4:33  Probe (Chrono Boost)  
  4  4:40  Probe (Chrono Boost)  
  4  4:43  Probe (Chrono Boost)  
  6  4:51  Probe (Chrono Boost)  
  7  4:54  Probe (Chrono Boost)  
  7  4:57  Void Ray x3  
  17  5:01  Probe (Chrono Boost)  
  17  5:04  Probe (Chrono Boost)  
  19  5:12  Probe (Chrono Boost)  
  19  5:15  Probe (Chrono Boost)  
  18  5:22  Probe (Chrono Boost)  
  18  5:25  Probe (Chrono Boost)  
  19  5:33  Probe (Chrono Boost)  
  20  5:36  Probe (Chrono Boost)  
  20  5:39  Pylon  
  33  5:43  Probe (Chrono Boost)  
  33  5:46  Probe (Chrono Boost)  
  35  5:54  Probe (Chrono Boost)  
Show
View Real Time Build Order
Export as new Build Order

Grausam Terran 

Build Orders:  

Get SALT Encoding   

  12  0:01  SCV  
  13  0:19  SCV  
  14  0:22  Supply Depot  
  14  0:31  SCV  
  15  0:45  Barracks  
  15  0:46  SCV  
  16  0:58  SCV  
  16  1:00  Barracks  
  17  1:10  SCV  
  18  1:22  SCV  
  18  1:25  Supply Depot  
  19  1:33  Marine  
  19  1:38  Barracks  
  20  1:51  Marine  
  20  1:54  Marine  
  22  2:09  Marine  
  22  2:11  Marine  
  24  2:26  Marine  
  24  2:29  Marine x2  
  27  2:34  Barracks x2  
  27  2:44  Marine  
  27  2:47  Marine x2  
  30  3:02  Marine  
  31  3:13  Supply Depot  
  31  3:15  Supply Depot  
  31  3:16  Refinery  
  31  3:18  Refinery  
  31  3:34  Marine x5  
  31  3:35  SCV  
  31  3:37  Supply Depot  
  31  3:38  Supply Depot  
  37  3:47  SCV  
  38  3:52  Marine x5  
  43  3:59  Supply Depot, SCV  
  44  4:10  Marine x5  
  44  4:11  SCV  
  49  4:28  Marine x5  
  51  4:46  Marine x5  
  55  5:03  Marine x5  
  59  5:21  Marine x5  
  61  5:39  Marine x2  
  61  5:40  Marine  
  63  5:43  Marine  
  63  5:44  Marine  
Show
View Real Time Build Order
Export as new Build Order

Beartato Terran 

Build Orders:  

Get SALT Encoding   

  12  0:01  SCV  
  13  0:13  SCV  
  14  0:25  SCV  
  14  0:27  Supply Depot  
  15  0:49  SCV  
  16  1:01  SCV  
  17  1:07  Command Center  
  17  1:13  SCV  
  18  1:25  SCV  
  19  1:38  Command Center  
  19  1:44  SCV  
  20  1:47  Refinery  
  20  1:51  Refinery  
  20  1:56  SCV  
  21  2:08  SCV  
  22  2:21  SCV  
  23  2:26  Refinery  
  23  2:38  SCV  
  23  2:41  Supply Depot  
  24  2:50  SCV  
  25  3:01  SCV  
  25  3:02  SCV  
  25  3:04  Supply Depot  
  27  3:14  SCV x2  
  29  3:26  SCV  
  30  3:38  SCV  
  25  4:21  SCV  
  26  4:33  SCV  
  27  4:45  SCV  
Show
View Real Time Build Order
Export as new Build Order

CoalLeague Terran 

Build Orders:  

Get SALT Encoding   

  12  0:03  SCV  
  13  0:14  Supply Depot  
  13  0:19  SCV  
  14  0:35  SCV  
  15  0:42  Barracks  
  15  0:47  SCV  
  16  0:59  SCV  
  16  1:03  Refinery  
  17  1:11  SCV  
  18  1:24  SCV  
  19  1:32  Marine  
  19  1:36  Orbital Command  
  19  1:39  Supply Depot  
  20  1:43  Refinery  
  20  1:52  Bunker  
  20  1:54  Marine  
  21  2:04  Factory  
  21  3:30  Marine  
  22  3:47  Marine  
  23  4:05  Marine  
  23  4:23  Marine  
  10  4:39  SCV  
  10  4:43  Supply Depot  
  11  4:46  Widow Mine  
  11  4:51  Marine, SCV  
  15  5:03  SCV  
  16  5:09  Marine  
  16  5:14  Widow Mine  
  16  5:16  SCV  
  19  5:27  Marine  
  19  5:28  SCV  
  21  5:45  Marine  
Tags
 
Add a new tag
Caveats
  • Supply blocks, unpowered buildings, or Contaminate may cause inaccurate times.
  • Supply counts are checked every 10 seconds.